AoeStats
← IamtheChit

Arena

507480342Analyzed
2v2 RM · 15d ago on Sep 18, 2026· 42m 3s· 4 players
Game mode
Random Map
Map size
Medium (4 player)
Population
200
Speed
Normal
Resources
Standard
Victory
Conquest
Starting age
Dark Age
Ending age
Imperial Age
RankedLock teamsTeams togetherTeam positionsShared explorationLock speedFull tech treeHidden civsTurbo modeCheats
Victory
Defeat
🇭🇺 Georgians · Hungary
1167
+18
🇭🇺 Hindustanis · Hungary
1138
+20
🇭🇰 Persians · Hong Kong SAR China
1222
-19
🇺🇸 Bohemians · United States
1212
-19
Orbán egy gheci
10:57 Feudal Age
14:47 Castle Age
13:26 Horse Collar
13:32 Double-Bit Axe
19:47 Forging
19:43 Scale Barding Armor
19:43 Loom
23:08 Heavy Plow
23:45 Bow Saw
26:09 Svan Towers
26:53 Stone Mining
26:53 Gold Mining
28:02 Wheelbarrow
28:09 Bloodlines
28:00 Husbandry
27:21 Light Cavalry
27:42 Pikeman
28:22 Squires
28:08 Arson
32:30 Imperial Age
30:44 Hand Cart
30:53 Ballistics
31:18 Guard Tower
31:38 Fortified Wall
32:01 Scale Mail Armor
33:25 Iron Casting
35:07 Chemistry
34:43 Keep
33:54 Arrowslits
35:13 Fletching
35:23 Padded Archer Armor
36:24 Blast Furnace
35:39 Chain Mail Armor
36:31 Halberdier
38:04 Bodkin Arrow
38:24 Leather Archer Armor
38:30 Murder Holes
38:40 Siege Engineers
38:46 Masonry
40:00 Conscription
40:17 Hoardings
ballagiapusztito
10:03 Feudal Age
14:32 Castle Age
13:41 Double-Bit Axe
13:45 Horse Collar
15:34 Bow Saw
18:39 Gold Mining
19:40 Heavy Plow
20:50 Scale Mail Armor
21:01 Forging
21:47 Chain Mail Armor
23:16 Squires
23:01 Arson
23:51 Loom
25:50 Wheelbarrow
26:33 Iron Casting
29:53 Stone Mining
34:25 Imperial Age
34:04 Gold Shaft Mining
35:26 Elite Ghulam
37:25 Chemistry
36:45 Ballistics
38:32 Hand Cart
38:03 Town Watch
40:41 Blast Furnace
40:34 Fletching
40:44 Padded Archer Armor
42:16 Shatagni
Limited Apple
9:36 Loom
11:59 Feudal Age
15:40 Castle Age
15:18 Double-Bit Axe
15:16 Horse Collar
16:36 Bow Saw
18:35 Scale Barding Armor
22:13 Bow Saw
23:20 Light Cavalry
24:14 Bloodlines
27:49 Chain Barding Armor
27:39 Forging
31:04 Wheelbarrow
30:15 Town Watch
30:56 Devotion
31:26 Husbandry
32:32 Hand Cart
32:26 Heavy Plow
32:21 Gold Mining
32:21 Stone Mining
36:45 Imperial Age
35:54 Ballistics
35:46 Masonry
36:40 Iron Casting
36:46 Cavalier
38:46 Scale Mail Armor
39:09 Padded Archer Armor
38:31 Pikeman
40:31 Chain Mail Armor
IamtheChit
10:51 Feudal Age
14:34 Castle Age
13:18 Double-Bit Axe
15:28 Horse Collar
17:07 Bow Saw
18:37 Fervor
20:55 Loom
22:19 Wheelbarrow
22:38 Heavy Plow
24:28 Hand Cart
28:01 Imperial Age
25:22 Pikeman
26:06 Scale Mail Armor
27:59 Fletching
28:54 Bodkin Arrow
34:41 Chemistry
34:19 Conscription
36:22 Forging
37:03 Chain Mail Armor
36:51 Squires
40:14 Padded Archer Armor
42:07 Leather Archer Armor
42:24 Plate Mail Armor
42:29 Iron Casting
41:17 Halberdier
Connection lost

Rejoining the realm…

Still unreachable

The connection could not be restored.

Session expired

The server has moved on; the page needs a fresh start.